 Dungeon Crawl Stone Soup version 0.28.0-55-gcd9437bce4 (webtiles) character file.

Game seed: 12539686989990395859

29804 Atelerd the Thaumaturge (level 13, -13/79 HPs)
             Began as an Octopode Earth Elementalist on Jan 2, 2023.
             Was an Elder of Sif Muna.
             Mangled by a catoblepas (32 damage)
             ... on level 13 of the Dungeon.
             The game lasted 00:38:11 (17781 turns).

Atelerd the Thaumaturge (OpEE)                     Turns: 17781, Time: 00:38:11

Health: -13/79     AC:  6    Str: 20    XL:     13   Next: 47%
Magic:  44/45      EV: 24    Int: 31    God:    Sif Muna [****..]
Gold:   640        SH:  0    Dex: 19    Spells: 6/33 levels left

rFire   . . .      SeeInvis +   z - +2 short sword (elec)
rCold   + . .      Faith    .   (no shield)
rNeg    . . .      Spirit   .   f - +1 hat
rPois   +          Reflect  .   S - amulet "Zynoc" {Acrobat Contam rC+ MP+9 Int+6}
rElec   .          Harm     .   r - +4 ring of protection
rCorr   .          Rampage  .   B - +4 ring of evasion
Will    .....                   Y - +6 ring of intelligence
Stlth   ++++++....              I - +4 ring of evasion
HPRegen 0.23/turn               P - ring of poison resistance
MPRegen 0.29/turn               C - +4 ring of slaying
                                X - ring "Zuutumaqu" {MP+9 Str+6 Dex-2}
                                N - ring "Alogac" {+Blink Str+6 Int-2 Dex+8 SInv}

@: studying Polearms
A: almost no armour, amphibious, 8 rings, camouflage 1, gelatinous body 1,
(nimble swimmer 1), tentacles
a: Renounce Religion, Evoke Blink, Channel Magic, Forget Spell, Divine Exegesis


You were on level 13 of the Dungeon.
You worshipped Sif Muna.
Sif Muna was greatly pleased with you.
You visited 2 branches of the dungeon, and saw 14 of its levels.
You visited the Abyss 1 time.
You also visited: Bailey.

You collected 2278 gold pieces.
You spent 1638 gold pieces at shops.

Inventory:

Hand Weapons
 z - a +2 short sword of electrocution (weapon)
Missiles
 b - 346 stones
Armour
 f - a +1 hat (worn)
Jewellery
 r - a +4 ring of protection (left tentacle)
 y - an amulet of faith
 B - a +4 ring of evasion (right tentacle)
 C - a +4 ring of slaying (on tentacle)
 G - a ring of ice
 I - a +4 ring of evasion (on tentacle)
 N - the ring "Alogac" (on tentacle) {+Blink Str+6 Int-2 Dex+8 SInv}
   (You found it on level 9 of the Dungeon)

   [ring of strength]

   Str:       It affects your strength (+6).
   Int:       It affects your intelligence (-2).
   Dex:       It affects your dexterity (+8).
   SInv:      It lets you see invisible.
   +Blink:    It lets you blink.
 P - a ring of poison resistance (on tentacle)
 S - the amulet "Zynoc" (around mantle) {Acrobat Contam rC+ MP+9 Int+6}
   (You found it on level 7 of the Dungeon)

   [amulet of the acrobat]

   It increases your evasion while moving and waiting.
   Int:       It affects your intelligence (+6).
   rC:        It protects you from cold.
   MP:        It affects your magic capacity (+9).
   Contam:    It causes magical contamination when unequipped.
 X - the ring "Zuutumaqu" (on tentacle) {MP+9 Str+6 Dex-2}
   (You found it on level 9 of the Dungeon)

   [ring of magical power]

   Str:       It affects your strength (+6).
   Dex:       It affects your dexterity (-2).
   MP:        It affects your magic capacity (+9).
 Y - a +6 ring of intelligence (on tentacle)
 Z - a +6 ring of strength
Wands
 m - a wand of iceblast (31)
 o - a wand of charming (1)
 x - a wand of digging (5)
 J - a wand of paralysis (5)
 K - a wand of flame (31)
 O - a wand of acid (3)
Scrolls
 d - a scroll of fog
 e - 2 scrolls of torment
 k - 6 scrolls of teleportation
 l - 3 scrolls of enchant armour
 n - 3 scrolls of enchant weapon
 p - 2 scrolls of blinking
 s - 5 scrolls of vulnerability
 t - 9 scrolls of amnesia
 v - 2 scrolls of noise {unknown}
 w - 3 scrolls of holy word
 D - 3 scrolls of silence
 E - a scroll of fear {unknown}
Potions
 a - 2 potions of ambrosia
 c - 2 potions of invisibility {unknown}
 g - 3 potions of attraction {unknown}
 h - 5 potions of heal wounds {unknown}
 i - 2 potions of curing
 j - 2 potions of might {unknown}
 q - 2 potions of degeneration {unknown}
 u - a potion of cancellation {unknown}
 A - a potion of brilliance {unknown}
 F - a potion of resistance
 H - 2 potions of haste {unknown}
 L - 4 potions of mutation {unknown}
 M - 4 potions of flight
 V - a potion of magic {unknown}


   Skills:
 - Level 4.0 Fighting
 - Level 4.0 Short Blades
 - Level 5.0 Dodging
 - Level 10.0 Stealth
 + Level 10.5 Spellcasting
 - Level 10.0 Conjurations
 - Level 2.0 Summonings
 - Level 6.0 Transmutations
 - Level 4.0 Ice Magic
 - Level 2.0 Air Magic
 - Level 10.0 Earth Magic
 - Level 2.0 Poison Magic
 - Level 7.0 Invocations


You had 6 spell levels left.
You knew the following spells:

 Your Spells              Type           Power      Damage    Failure   Level
a - Sandblast             Erth           100%       2d20      1%          1
b - Mephitic Cloud        Conj/Pois/Air  45%        N/A       1%          3
c - Freezing Cloud        Conj/Ice/Air   24%        6-21      10%         5
d - Summon Lightning Spi  Summ/Air       28%        N/A       14%         4
f - Ignite Poison         Fire/Tmut/Pois 32%        N/A       3%          3
o - Orb of Destruction    Conj           33%        9d10      41%         7
p - Petrify               Tmut/Erth      60%        N/A       1%          4

Your spell library contained the following spells:

 Spells                   Type           Power      Damage    Failure   Level
 Passwall                 Tmut/Erth      50%        N/A       1%          2
 Ozocubu's Armour         Ice            41%        N/A       1%          3
 Stone Arrow              Conj/Erth      100%       3d13      1%          3
 Hailstorm                Conj/Ice       56%        3d12      1%          4
 Irradiate                Conj/Tmut      30%        3d23      3%          5
 Sticky Flame             Conj/Fire      47%        2d6       4%          4
 Metabolic Englaciation   Hex/Ice        14%        N/A       36%         5
 Starburst                Conj/Fire      23%        6d8       52%         6
 Simulacrum               Ice/Necr       14%        N/A       91%         6
 Lehudib's Crystal Spear  Conj/Erth      33%        10d9      98%         8
 Storm Form               Tmut/Air       20%        N/A       99%         7
 Borgnjor's Revivificati  Necr           8%         N/A       100%        8
 Maxwell's Capacitive Co  Air            14%        ∞         100%        8
 Necromutation            Tmut/Necr      17%        N/A       100%        8
 Death's Door             Necr           8%         N/A       100%        9


Dungeon Overview and Level Annotations

Branches:
Dungeon (13/15)            Temple (0/1) D:6            Lair (0/6) D:11
    Orc (1/2) D:9          Bailey (visited)
 Vaults: D:13-14

Altars:
Ashenzari
Elyvilon
Hepliaklqana
Kikubaaqudgha
Okawaru
Ru
Sif Muna
Wu Jian
The Shining One

Shops:
D:1 [   D:9 [   D:10 (=   D:13 =

Annotations:
D:3 exclusion: 2 downstairs
D:7 exclusion: downstairs
D:8 exclusion: 2 downstairs


Innate Abilities, Weirdness & Mutations

You cannot wear most types of armour.
You are amphibious.
You can wear up to eight rings at the same time.
Your skin changes colour to match your surroundings (Stealth+).
Your rubbery body absorbs attacks. (AC +1, EV +1)
((You are camouflaged when in or above water. (Stealth+)))
You have tentacles for arms and can constrict up to eight enemies at once.


Message History

Unknown command.
Aiming: Corrosive Bolt
Press: ? - help, Shift-Dir - straight line, f/p - catoblepas
Aim: a catoblepas (noxious fumes, moderately wounded, 100% to hit)
The bolt of acid hits the catoblepas.
The acid corrodes the catoblepas!
The catoblepas is heavily wounded.
The catoblepas is engulfed in noxious fumes.
The catoblepas barely misses you.
Aiming: Corrosive Bolt
Press: ? - help, Shift-Dir - straight line, p - catoblepas The bolt of acid hits the catoblepas!
The catoblepas seems to be corroded for longer.
The catoblepas is heavily wounded.
The catoblepas is engulfed in noxious fumes.
The catoblepas gores you!
You hit the catoblepas.
The catoblepas is severely wounded.
The catoblepas is engulfed in noxious fumes.
The catoblepas appears confused.
The catoblepas gores you!!
* * * LOW HITPOINT WARNING * * *
Unknown command.
You feel better.
The catoblepas is engulfed in noxious fumes.
The catoblepas completely misses you.
Unknown command.
You feel better.
The catoblepas is engulfed in noxious fumes.
Unknown command.
Unknown command.
You hit the catoblepas.
You squeeze the catoblepas, but do no damage.
The catoblepas is severely wounded.
The catoblepas is engulfed in noxious fumes.
The catoblepas gores you!
* * * LOW HITPOINT WARNING * * *
Unknown command.
You feel better.
The catoblepas is engulfed in noxious fumes.
The catoblepas gores you!!
You die...

).....# #.....#
#.....# ).....#
#.....############
'.....'..........#
#.....##########.#
##...###.......#§#
#.#.........# #@#
#.#.........# #Y#
#.#......<..# #.#
#.#.........# #.#
#.#.........# #.#
#.#.........# #.#
#.#.........# #.#
##.#.........# #.#
.............# #Y#


You could see a catoblepas (confused, corroded).

Vanquished Creatures
  A very ugly thing (D:13)
  Fannar (D:10)
  3 hydras
  Harold (D:7)
  2 two-headed ogres
  A tengu warrior (D:9)
  An orc knight (Bailey)
  An obsidian statue (D:7)
  2 wizards (D:13)
  2 oklob plants (D:11)
  A manticore (D:11)
  4 cyclopes
  10 ugly things
  Joseph (D:7)
  An unseen horror (D:12)
  Maggie (D:9)
  A gargoyle (D:11)
  A komodo dragon (D:13)
  2 kobold demonologists
  3 trolls
  Grinder (D:6)
  Prince Ribbit (D:7)
  4 slime creatures (D:12)
  A vampire (D:12)
  2 shadows
  2 wyverns
  A wraith (D:10)
  A basilisk (D:9)
  14 yaks
  A steam dragon (D:6)
  14 vampire mosquitoes
  Menkaure (D:7)
  An acid dragon (D:11)
  A water moccasin (D:9)
  Duvessa (D:4)
  7 orc warriors
  2 sky beasts (D:6)
  A hornet zombie (D:5)
  2 necrophages
  3 ogres
  3 black bears
  5 centaurs
  12 kobold brigands
  A scorpion (D:7)
  A gnoll sergeant (D:12)
  A wyvern skeleton (D:6)
  Dowan (D:4)
  4 killer bees (D:8)
  6 howler monkeys
  8 wights
  An electric eel (D:7)
  6 centaur zombies
  2 bullfrog zombies (D:5)
  5 hounds
  A gnoll shaman (D:6)
  4 jellies
  A bullfrog skeleton (D:5)
  An orc priest (D:8)
  Crazy Yiuf (D:7)
  3 iguanas
  11 orc wizards
  29 gnolls
  7 adders
  2 shadow imps (D:11)
  3 white imps
  A worm (D:2)
  4 dart slugs
  37 orcs
  7 ball pythons
  6 bats
  5 endoplasms
  5 giant cockroaches
  8 goblins
  9 hobgoblins
  19 jackals
  43 kobolds
  2 quokkas
  3 frilled lizards
  7 kobold skeletons (D:11)
  11 kobold zombies (D:11)
  2 rats
389 creatures vanquished.

Vanquished Creatures (collateral kills)
  A wyvern (D:9)
  A basilisk (D:9)
  4 vampire mosquitoes (D:12)
  A kobold brigand (D:12)
7 creatures vanquished.

Vanquished Creatures (others)
  A cyclops (D:9)
  9 plants
10 creatures vanquished.

Grand Total: 406 creatures vanquished

Notes
Turn   | Place    | Note
-------+----------+-------------------------------------------
     0 | D:1      | Atelerd the Octopode Earth Elementalist began the quest for
                  | the Orb.
     0 | D:1      | Reached XP level 1. HP: 11/11 MP: 3/3
    60 | D:1      | Reached XP level 2. HP: 12/17 MP: 1/5
   309 | D:1      | You fall into a shaft and drop 1 floor!
   380 | D:1      | Found Divi's Armour Boutique.
   707 | D:1      | Reached XP level 3. HP: 21/21 MP: 1/6
  1468 | D:2      | Reached XP level 4. HP: 27/27 MP: 7/7
  1938 | D:4      | Noticed a black bear
  2178 | D:3      | Found a shimmering blue altar of Sif Muna.
  2194 | D:3      | Became a worshipper of Sif Muna the Loreminder
  2323 | D:3      | Reached XP level 5. HP: 31/31 MP: 6/9
  2493 | D:3      | Found a faded altar of an unknown god.
  2595 | D:4      | Noticed a necrophage
  2603 | D:3      | Learned a level 4 spell: Petrify
  2736 | D:3      | Killed a necrophage
  2737 | D:3      | Reached XP level 6. HP: 27/35 MP: 0/10
  2880 | D:4      | Killed a black bear
  2881 | D:4      | Reached skill level 5 in Stealth
  3041 | D:4      | Found a white marble altar of Elyvilon.
  3089 | D:4      | Noticed a necrophage
  3097 | D:4      | Killed a necrophage
  3098 | D:4      | Reached XP level 7. HP: 31/41 MP: 8/12
  3221 | D:4      | Found a sacrificial altar of Ru.
  3248 | D:4      | Noticed Duvessa
  3249 | D:4      | Noticed Dowan
  3264 | D:4      | HP: 1/41 [Duvessa/+2 short sword of electrocution (8)]
  3395 | D:5      | Entered Level 5 of the Dungeon
  3403 | D:5      | Reached * piety under Sif Muna
  3433 | D:5      | Reached skill level 1 in Short Blades
  3672 | D:4      | Killed Dowan
  3674 | D:4      | Killed Duvessa
  3675 | D:4      | Reached skill level 5 in Earth Magic
  3843 | D:4      | Reached XP level 8. HP: 35/46 MP: 10/14
  4225 | D:4      | Reached ** piety under Sif Muna
  4487 | D:4      | Reached skill level 5 in Spellcasting
  4782 | D:5      | Reached skill level 5 in Transmutations
  5077 | D:5      | Reached XP level 9. HP: 50/51 MP: 12/17
  5418 | D:5      | Found a glowing golden altar of the Shining One.
  5628 | D:6      | Noticed Grinder
  5635 | D:6      | Killed Grinder
  5759 | D:6      | Found a staircase to the Ecumenical Temple.
  5813 | D:6      | Reached skill level 1 in Fighting
  6473 | D:6      | Reached XP level 10. HP: 55/60 MP: 19/19
  6483 | D:6      | Reached *** piety under Sif Muna
  6844 | D:7      | Noticed Harold
  6856 | D:7      | Killed Harold
  6857 | D:7      | Reached skill level 5 in Dodging
  6960 | D:7      | Found a runed translucent door.
  6961 | D:7      | Noticed Crazy Yiuf
  7094 | D:7      | Noticed Prince Ribbit
  7106 | D:7      | Killed Prince Ribbit
  7121 | D:7      | Found a flagged portal.
  7135 | Bailey   | Entered a bailey
  7187 | Bailey   | Reached skill level 10 in Stealth
  7259 | Bailey   | Noticed an orc knight
  7276 | Bailey   | Killed an orc knight
  7416 | Bailey   | Reached skill level 1 in Invocations
  7548 | Bailey   | Found a burning altar of Makhleb.
  7856 | D:7      | Noticed Menkaure
  7865 | D:7      | Killed Menkaure
  7951 | D:7      | Noticed Joseph
  7959 | D:7      | Killed Joseph
  8218 | D:7      | Noticed an obsidian statue
  8231 | D:7      | Killed an obsidian statue
  8232 | D:7      | Reached XP level 11. HP: 69/69 MP: 22/22
  8237 | D:7      | Identified the amulet of Afeguyfuilu {Regen+ MP+9}
  8239 | D:7      | Identified the ring of Kudo {Will+ Str+3}
  8253 | D:7      | Identified the amulet "Zynoc" {Acrobat Contam rC+ MP+9
                  | Int+6}
  8526 | D:7      | Killed Crazy Yiuf
  8615 | D:8      | Noticed a five-headed hydra
  8638 | D:8      | Learned a level 4 spell: Summon Lightning Spire
  8859 | D:8      | Killed a five-headed hydra
  8860 | D:8      | Reached skill level 1 in Summonings
  8860 | D:8      | Reached skill level 1 in Air Magic
  8880 | D:8      | Found an ancient bone altar of Kikubaaqudgha.
  8883 | D:8      | Reached **** piety under Sif Muna
  9112 | D:8      | Found an ornate altar of the Wu Jian Council.
  9203 | D:8      | Found an iron altar of Okawaru.
  9751 | D:9      | Noticed Maggie
  9764 | D:9      | Killed Maggie
  9795 | D:9      | Found a hazy altar of Hepliaklqana.
 10080 | D:9      | Identified the +6 hand axe "Ysuegite" {flame, Stlth+}
 10251 | D:9      | Found a staircase to the Orcish Mines.
 10597 | D:9      | Found Afuga's Armour Boutique.
 10912 | D:9      | Noticed a cyan ugly thing
 10912 | D:9      | Noticed a tengu warrior
 11047 | D:9      | Killed a tengu warrior
 11078 | D:9      | Noticed a cyclops
 11078 | D:9      | Noticed a catoblepas
 11087 | D:9      | Noticed a cyclops
 11199 | D:9      | Killed a cyan ugly thing
 11413 | D:9      | Noticed a two-headed ogre
 11424 | D:9      | Killed a two-headed ogre
 11611 | D:9      | Learned a level 5 spell: Freezing Cloud
 11615 | D:9      | Learned a level 3 spell: Mephitic Cloud
 11619 | D:9      | Learned a level 3 spell: Ignite Poison
 11652 | D:9      | Reached skill level 10 in Earth Magic
 11676 | D:9      | Identified the amulet "Qut Zae" {Faith rElec Dex-5 Slay+6}
 11692 | D:9      | Identified the amulet "Dofucoi" {Faith rN+ Str+4 Int-3
                  | Dex+5}
 11807 | D:9      | Identified the ring "Alogac" {+Blink Str+6 Int-2 Dex+8
                  | SInv}
 11811 | D:9      | Identified the ring "Zuutumaqu" {MP+9 Str+6 Dex-2}
 11855 | D:9      | Killed a cyclops
 11856 | D:9      | Reached skill level 1 in Conjurations
 11856 | D:9      | Reached skill level 1 in Ice Magic
 11856 | D:9      | Reached skill level 1 in Poison Magic
 12010 | Orc:1    | Entered Level 1 of the Orcish Mines
 12010 | Orc:1    | Noticed an orc sorcerer
 12010 | Orc:1    | Noticed an orc knight
 12010 | Orc:1    | Noticed an orc high priest
 12010 | Orc:1    | Noticed an orc sorcerer
 12013 | Orc:1    | Noticed an orc knight
 12419 | D:10     | Entered Level 10 of the Dungeon
 12419 | D:10     | Found Dif Zuus's Weapon Shop.
 12438 | D:10     | Found Afuafuih's Jewellery Emporium.
 12450 | D:10     | Reached XP level 12. HP: 74/74 MP: 25/25
 12672 | D:10     | Bought a +4 ring of slaying for 936 gold pieces
 12672 | D:10     | Bought a +6 ring of intelligence for 702 gold pieces
 12739 | D:10     | Identified the amulet "Gaguprol" {Spirit Str+3}
 12767 | D:10     | Noticed Fannar
 12787 | D:10     | Killed Fannar
 13044 | D:10     | Found a broken altar of Ashenzari.
 14033 | D:11     | Found a staircase to the Lair.
 14045 | D:11     | Reached skill level 10 in Spellcasting
 14045 | D:11     | Reached skill level 5 in Invocations
 14461 | D:11     | Reached ***** piety under Sif Muna
 14561 | D:11     | Received a gift from Sif Muna
 14571 | D:11     | Got Sif Muna's Incunabulum of Conjuration {god gift}
 14580 | D:11     | Learned a level 7 spell: Orb of Destruction
 14607 | D:11     | Found an ancient bone altar of Kikubaaqudgha.
 15090 | D:12     | Noticed a two-headed ogre
 15102 | D:12     | Killed a two-headed ogre
 15283 | D:12     | Reached skill level 5 in Conjurations
 15303 | D:12     | Noticed a six-headed hydra
 15314 | D:12     | Killed a six-headed hydra
 15498 | D:12     | Reached XP level 13. HP: 42/79 MP: 27/27
 16190 | D:12     | Found the +3 Mad Mage's Maulers {Infuse+∞ RegenMP Int-3}
 16811 | D:13     | Found Ysyawkeph's Jewellery Shoppe.
 17212 | D:13     | Cast into level 2 of the Abyss (a wizard)
 17234 | D:13     | Escaped the Abyss
 17236 | D:13     | Noticed a red very ugly thing
 17248 | D:13     | Killed a red very ugly thing
 17249 | D:13     | Reached skill level 10 in Conjurations
 17781 | D:13     | Mangled by a catoblepas

Illustrated notes

Levels and vault maps discovered:
D:1:      eino_arrival_cavern_d, layout_basic, serial_shops, shop_fountains,
          wad_floor_pattern_untrapped
D:2:      layout_loops_ring
D:3:      layout_loops_ring, nicolae_overflow_crystal_walls,
          shapermc_ecumenical_altar_mp_vishouse
D:4:      lemuel_castle_with_subvaults [lemuel_castle_interior_carwin_2],
          layout_cave_pools, mainiacjoe_overflow_tiny_flanked,
          mainiacjoe_overflow_six_doors_small, minivault_23,
          hangedman_decor_push, corexii_shack, uniq_duvessa
D:5:      nicolae_cairo_tiling_large_dashed, layout_rooms, tso_altar,
          minmay_puff
D:6:      layout_basic, minmay_temple_entry_ruins, uniq_grinder
D:7:      statuecave_lemuel, layout_basic, enter_bailey_4, uniq_harold,
          uniq_joseph, uniq_crazy_yiuf_cottage, uniq_prince_ribbit1,
          uniq_menkaure
D:8:      layout_basic, nzn_wu_jian_contemplation, okawaru_metal_pillars_1_2,
          nicolae_kikubaaqudgha_miasma_corner
D:9:      minmay_the_grid_triangle_9x9_recursive_2_mashed
          [minmay_the_grid_triangle_9x9_prize_special,
          minmay_the_grid_triangle_9x9_skeleton,
          minmay_the_grid_triangle_9x9_corrupted_corridor,
          minmay_the_grid_triangle_9x9_negative_grid], layout_irregular_city,
          worldfamousw_hep_ancestral_shrine, orc_0_dummy, serial_shops,
          nicolae_lakefront_shop, uniq_maggie
D:10:     layout_basic, evilmike_ruin_ashenzari, serial_shops,
          nicolae_stop_n_shop_2, shop, uniq_fannar
D:11:     wander_kiku_kobolds, layout_gridville, dpeg_oklobed_lair,
          kennysheep_generic_room_11
D:12:     layout_rooms
D:13:     cheibrodos_breeding_chamber, layout_basic, serial_shops, shop,
          uniq_nessos
Orc:1:    layout_caves, abandoned_shop, uniq_erolcha

Skill      XL: |  1  2  3  4  5  6  7  8  9 10 11 12 13 |
---------------+----------------------------------------+-----
Stealth        | 3 4 5 6 8 9 10 | 10.0
Transmutations | 2 3 4 5 6 |  6.0
Spellcasting   | 3 4 5 6 7 9 10 | 10.5
Earth Magic    | 4 5 6 8 10 | 10.0
Short Blades   | 2 3 4 |  4.0
Fighting       | 2 4 |  4.0
Dodging        | 4 5 |  5.0
Invocations    | 4 7 |  7.0
Summonings     | 2 |  2.0
Air Magic      | 2 |  2.0
Conjurations   | 2 7 10 | 10.0
Ice Magic      | 2 4 |  4.0
Poison Magic   | 2 |  2.0

Action                   |  1- 3 |  4- 6 |  7- 9 | 10-12 | 13-15 || total
-------------------------+-------+-------+-------+-------+-------++-------
Melee: Unarmed           |    47 |     7 |       |       |       ||    54
       Tentacles         |    13 |    11 |    72 |    80 |     8 ||   184
       Constrict         |    15 |    18 |    52 |    50 |     5 ||   140
       Rapier            |       |    41 |       |       |       ||    41
       Punch             |       |     3 |     5 |     6 |       ||    14
       Dagger            |       |    24 |   115 |     2 |       ||   141
       Short sword       |       |       |   121 |   272 |    21 ||   414
 Cast: Sandblast         |    33 |    23 |    70 |   132 |    19 ||   277
       Petrify           |       |     4 |    15 |    90 |    20 ||   129
       Mephitic Cloud    |       |       |       |    18 |     2 ||    20
       Summon Lightning  |       |       |       |     5 |       ||     5
       Freezing Cloud    |       |       |       |     9 |    14 ||    23
       Ignite Poison     |       |       |       |     9 |     1 ||    10
Invok: Channel Magic     |       |       |       |     1 |       ||     1
Evoke: Wand              |       |       |       |    17 |     2 ||    19
  Use: Scroll            |       |     4 |       |     6 |     2 ||    12
       Potion            |       |       |       |     2 |     3 ||     5
 Stab: Sleeping          |     5 |     2 |    11 |    14 |     1 ||    33
       Petrified         |       |     8 |    17 |    71 |     9 ||   105
       Petrifying        |       |       |     2 |     4 |       ||     6
       Distracted        |       |       |     1 |       |     1 ||     2
       Confused          |       |       |       |     4 |       ||     4
Armor: Skin              |     4 |     4 |    29 |    44 |     4 ||    85
Dodge: Dodged            |    44 |    43 |   193 |   429 |    13 ||   722
